 Dungeon Crawl Stone Soup version 0.20.1-1-g8b1a95d (webtiles) character file.

91 Irenicus the Sneak (level 4, -1/31 HPs)
             Began as an Octopode Chaos Knight on Oct 12, 2017.
             Slain by a kobold
             ... wielding a cursed -3 blowgun
              (3 damage)
             ... on level 3 of the Dungeon.
             The game lasted 00:03:17 (2071 turns).

Irenicus the Sneak (Octopode Chaos Knight)          Turns: 2071, Time: 00:03:19

Health: -1/31      AC:  1    Str: 11    XL:     4   Next: 57%
Magic:  4/4        EV: 13    Int: 14    God:    Xom [..*...]
Gold:   177        SH:  0    Dex: 12    Spells: 3/3 levels left

rFire    . . .     SeeInvis .     - Unarmed
rCold    . . .     Gourm    .   (no shield)
rNeg     . . .     Faith    .   (helmet restricted)
rPois    .         Spirit   .   (no amulet)
rElec    .         Reflect  .   (no ring)
rCorr    .         Harm     .   (no ring)
MR       .....                  (no ring)
Stlth    ++++......             (no ring)
Regen    0.1/turn               (no ring)
MPRegen  0.1/turn               (no ring)
                                (no ring)
                                (no ring)

@: lethally poisoned (-1 -> -8), slowed, very slow
A: almost no armour, stealthy swim, amphibious, 8 rings, constrict 8, camouflage
1, gelatinous body 1
a: Renounce Religion


You were on level 3 of the Dungeon.
You worshipped Xom.
You were a toy of Xom.
You were not hungry.

You visited 1 branch of the dungeon, and saw 3 of its levels.

You collected 177 gold pieces.

Inventory:

Jewellery
 h - an uncursed amulet of regeneration {unknown}
Scrolls
 b - 2 scrolls of amnesia {unknown}
 c - a scroll of noise {unknown}
 d - 4 scrolls of teleportation {unknown}
 e - a scroll of immolation {unknown}
 f - 6 scrolls of identify {unknown}
 g - a scroll of magic mapping {unknown}
 m - a scroll of recharging {unknown}
 o - a scroll of fear {unknown}
Potions
 i - a potion of heal wounds
 j - a potion of lignification {unknown}
 k - 2 potions of flight {unknown}
 n - a potion of magic {unknown}
 r - a potion of curing {unknown}
Comestibles
 a - a bread ration
 l - 4 fruits
 p - 2 chunks of flesh
 q - a royal jelly


   Skills:
 - Level 3.0 Fighting
 - Level 2.3 Dodging
 + Level 4.9 Stealth
 + Level 3.7 Unarmed Combat


You had 3 spell levels left.
You didn't know any spells.

Dungeon Overview and Level Annotations

Branches:
Dungeon (3/15)

Altars:


Innate Abilities, Weirdness & Mutations

You cannot wear most types of armour.
You are very stealthy in the water. (Stealth+)
You are amphibious.
You can wear up to eight rings at the same time.
You can use your tentacles to constrict eight enemies at once.
Your skin changes colour to match your surroundings (Stealth+).
Your rubbery body absorbs attacks. (AC +1, EV +1)


Message History

You barely miss the adder. Your grab misses the adder.
You feel sick. The adder bites you. The adder barely misses you.
You closely miss the adder. You grab the adder. You constrict the adder.
You feel sick. The adder bites you.
The kobold shoots a curare-tipped needle.
The curare-tipped needle misses you.
The curare-tipped needle closely misses the adder.
You barely miss the adder.
The adder is moderately wounded.
You constrict the adder.
You feel sick. The adder bites you.
* * * LOW HITPOINT WARNING * * *
The adder barely misses you. The kobold hits you with a blowgun.
* * * LOW HITPOINT WARNING * * *
You constrict the adder.
* * * LOW HITPOINT WARNING * * *
You feel sick. The adder closely misses you. The adder bites you.
* * * LOW HITPOINT WARNING * * *
The kobold hits you with a blowgun.
You die... "What!?
That's it?"

.########...#.#
........>...#K#
#.######....#.########
#.............#
#...........#.#
#...........#.#
#....#<.....#.#
#....#.####(#.# #.
#..#.#.#.@K.#.# #.#
#......#S####.# ..#
#.##...#. #.# #.#
#.##...#. #.#
###.####.##...#. #.#
.........##...#. #.#
.........##...#. #.#
.........##...#. #.#
.........##.<.# #.#


You could see an adder and a kobold.

Vanquished Creatures
  An adder (D:2)
  A gnoll (D:1)
  An ooze (D:1)
  2 worms
  2 dart slugs
  3 leopard geckos (D:2)
  2 ball pythons (D:1)
  2 giant cockroaches (D:1)
  4 goblins
  7 hobgoblins
  8 jackals
  6 kobolds
  A quokka (D:2)
  4 bats
  2 frilled lizards
  4 rats
50 creatures vanquished.

Notes
Turn   | Place    | Note
-------+----------+-------------------------------------------
     0 | D:1      | Irenicus the Octopode Chaos Knight began the quest for the Orb.
     0 | D:1      | Reached XP level 1. HP: 16/16 MP: 1/1
   127 | D:1      | Reached skill level 1 in Stealth
   168 | D:1      | Reached skill level 2 in Stealth
   212 | D:1      | Reached XP level 2. HP: 9/21 MP: 2/2
   261 | D:1      | Reached skill level 3 in Stealth
   459 | D:1      | Reached XP level 3. HP: 18/26 MP: 3/3
   509 | D:1      | Reached skill level 4 in Stealth
   802 | D:2      | XOM: harmless Tloc miscast
  1018 | D:2      | Reached XP level 4. HP: 9/31 MP: 4/4
  1366 | D:2      | XOM: harmless Pois miscast
  1398 | D:2      | XOM: harmless Necr miscast
  2071 | D:3      | Slain by a kobold

Skill      XL: |  1  2  3 |
---------------+----------+-----
Stealth        | 2 3 4 |  4.9
Fighting       | |  3.0
Dodging        | |  2.3
Unarmed Combat | |  3.7

Action                   |  1- 3 |  4- 6 || total
-------------------------+-------+-------++-------
Melee: Unarmed           |    65 |    40 ||   105
       Constrict         |    21 |    13 ||    34
       Tentacles         |     9 |     9 ||    18
       Punch             |     1 |       ||     1
  Use: Potion            |       |     3 ||     3
 Stab: Sleeping          |    12 |     3 ||    15
       Invisible         |       |     3 ||     3
  Eat: Chunk             |       |     4 ||     4
Armor: Skin              |     4 |     2 ||     6
Dodge: Dodged            |    36 |    31 ||    67
